 Dungeon Crawl Stone Soup version 0.23-a0-180-ga5275e7ff7 (console) character file.

17 Heliocid the Caller (level 2, -4/15 HPs)
             Began as a Deep Elf Summoner on Sept 18, 2018.
             Slain by Sigmund
             ... wielding a +0 scythe
              (7 damage)
             ... on level 2 of the Dungeon.
             The game lasted 00:06:55 (1078 turns).

Heliocid the Caller (Deep Elf Summoner)             Turns: 1078, Time: 00:06:55

Health: -4/15      AC:  2    Str:  5    XL:     2   Next: 44%
Magic:  6/8        EV: 13    Int: 19    God:
Gold:   55         SH:  0    Dex: 15    Spells: 4/7 levels left

rFire    . . .     SeeInvis .   d - +0 dagger
rCold    . . .     Gourm    .   (no shield)
rNeg     . . .     Faith    .   a - +0 robe
rPois    .         Spirit   .   (no helmet)
rElec    .         Reflect  .   (no cloak)
rCorr    .         Harm     .   (no gloves)
MR       .....                  (no boots)
Stlth    ++........             (no amulet)
HPRegen  0.05/turn              (no ring)
MPRegen  0.11/turn              (no ring)

@: no status effects
A: no striking features
a: no special abilities


You were on level 2 of the Dungeon.
You were not hungry.

You visited 1 branch of the dungeon, and saw 2 of its levels.

You collected 55 gold pieces.

Inventory:

Hand Weapons
 d - a +0 dagger (weapon)
Missiles
 e - 17 arrows
 g - 53 stones (quivered)
Armour
 a - a +0 robe (worn)
Scrolls
 f - a scroll of teleportation {unknown}
 i - a scroll of amnesia {unknown}
 j - a scroll of identify {unknown}
Potions
 h - a potion of curing {unknown}
 k - a potion of magic {unknown}
Comestibles
 b - 4 chunks of flesh
 c - 5 rations


   Skills:
 + Level 2.5 Dodging
 + Level 2.6 Stealth
 + Level 3.1 Spellcasting
 + Level 5.0 Summonings


You had 4 spell levels left.
You knew the following spells:

 Your Spells              Type           Power        Failure   Level  Hunger
a - Summon Small Mammal   Summ           ###.         1%          1    None
b - Call Imp              Summ           ###.....     3%          2    ##.....

Your spell library contained the following spells:

 Spells                   Type           Power        Failure   Level  Hunger
 Call Canine Familiar     Summ           ###.....     6%          3    ###....
 Summon Guardian Golem    Hex/Summ       ##......     16%         3    ###....
 Summon Ice Beast         Ice/Summ       ##......     47%         4    ####...
 Summon Lightning Spire   Summ/Air       ##......     47%         4    ####...


Dungeon Overview and Level Annotations

Branches:
Dungeon (2/15)

Altars:

Annotations:
D:2 Sigmund


Message History

What are your orders? t - Shout!
Orders for allies: a - Attack new target. p - Attack previous target. r - Retreat! s - Stop attacking. g - Guard the area. f - Follow me.
Anything else - Cancel.
Gang up on whom?
Press: ? - help, Dir - move target cursor, f/p - hobgoblin
Aim: a hobgoblin, wielding a club (severely wounded) Attack!
Your quokka barely misses your crimson imp.
A magic dart appears from out of thin air!
The magic dart hits your crimson imp.
Your crimson imp blinks!
The hobgoblin barely misses your crimson imp.
Your crimson imp closely misses the hobgoblin.
The hobgoblin closely misses your crimson imp.
Your crimson imp closely misses the hobgoblin.
Something hits you!
You die...

#.##...######.#####
# #.###.## #.# #.#
#.# #.# #.# #.# #.#
#.# #.# #.# #.# #.#
#.# #.# #.# #.# #.#
#.######
#.###@##...
#.##...#.#
#.[......#
####r..g5# #...#..#
#.###†.#####
#....%.....#
#.###...%...$. #.
#.###.####


You could see a hobgoblin, a friendly crimson imp and a friendly quokka
(confused).

Vanquished Creatures
  2 bats (D:1)
  A goblin (D:1)
  2 hobgoblins
  A kobold (D:1)
  A rat (D:1)
7 creatures vanquished.

Vanquished Creatures (collateral kills)
  A ball python (D:1)
  2 goblins
  A hobgoblin (D:1)
  A quokka (D:2)
  2 bats
  A frilled lizard (D:1)
  3 kobolds (D:1)
  2 rats (D:1)
13 creatures vanquished.

Grand Total: 20 creatures vanquished

Notes
Turn   | Place    | Note
-------+----------+-------------------------------------------
     0 | D:1      | Heliocid the Deep Elf Summoner began the quest for the Orb.
     0 | D:1      | Reached XP level 1. HP: 10/10 MP: 6/6
   442 | D:1      | Reached XP level 2. HP: 13/15 MP: 6/8
   449 | D:1      | Learned a level 2 spell: Call Imp
   985 | D:2      | Reached skill level 5 in Summonings
  1057 | D:2      | Noticed Sigmund
  1078 | D:2      | Slain by Sigmund

Vault maps used:
D:1:      eino_arrival_cavern_a
D:2:      uniq_jessica, uniq_sigmund, uniq_robin

Skill      XL: |  1  2 |
---------------+-------+-----
Summonings     | 5 |  5.0
Dodging        | |  2.5
Stealth        | |  2.6
Spellcasting   | |  3.1

Action                   || total
-------------------------++-------
Melee: Dagger            ||    26
 Cast: Summon Small Mamm ||    13
       Call Imp          ||     7
 Stab: Distracted        ||     1
  Eat: Chunk             ||     1
Armor: Robe              ||     7
Dodge: Dodged            ||    29

Table legend:
 A = Non-vault XP
 B = Vault XP
 C = Vault XP percentage of total XP
 D = Non-vault monster count
 E = Vault monster count
 F = Vault count percentage of total count
                 A         B        C        D         E       F
            +---------+---------+-------+---------+---------+-------
      Total |      25 |       0 |   0.0 |      20 |       0 |   0.0
            +---------+---------+-------+---------+---------+-------
        D:1 |      20 |       0 |   0.0 |      16 |       0 |   0.0
        D:2 |       5 |       0 |   0.0 |       4 |       0 |   0.0
            +---------+---------+-------+---------+---------+-------
